 Dungeon Crawl Stone Soup version 0.22-a0-587-g7d32d7c (webtiles) character file.

25 Hebeh the Shield-Bearer (level 2, 0/27 HPs)
             Began as a Minotaur Fighter on July 4, 2018.
             Slain by a worm (8 damage)
             ... on level 2 of the Dungeon.
             The game lasted 00:02:24 (704 turns).

Hebeh the Shield-Bearer (Minotaur Fighter)           Turns: 704, Time: 00:02:25

Health: 0/27       AC:  7    Str: 20    XL:     2   Next: 82%
Magic:  1/1        EV:  7    Int:  5    God:
Gold:   50         SH:  9    Dex:  9    Spells: 1/1 levels left

rFire    . . .     SeeInvis .   a - +0 war axe
rCold    . . .     Gourm    .   c - +0 shield
rNeg     . . .     Faith    .   h - +0 scale mail
rPois    .         Spirit   .   (helmet restricted)
rElec    .         Reflect  .   (no cloak)
rCorr    .         Harm     .   (no gloves)
MR       .....                  (no boots)
Stlth    ..........             (no amulet)
HPRegen  0.09/turn              (no ring)
MPRegen  0.07/turn              (no ring)

@: no status effects
A: retaliatory headbutt, horns 2
a: no special abilities


You were on level 2 of the Dungeon.
You were not hungry.

You visited 1 branch of the dungeon, and saw 2 of its levels.

You collected 50 gold pieces.

Inventory:

Hand Weapons
 a - a +0 war axe (weapon)
 b - a +0 hunting sling
 k - a +0 hunting sling
Missiles
 j - 22 stones (quivered)
Armour
 c - a +0 shield (worn)
 h - a +0 scale mail (worn)
Scrolls
 i - a scroll of blinking {unknown}
Potions
 d - a potion of might
 e - a potion of mutation {unknown}
Comestibles
 f - 3 rations
 g - 4 chunks of flesh


   Skills:
 + Level 3.9 Fighting
 * Level 3.1 Axes
 + Level 0.4 Slings
 + Level 3.8 Armour
 + Level 4.0 Shields


You had one spell level left.
You didn't know any spells.
Your spell library was empty.

Dungeon Overview and Level Annotations

Branches:
Dungeon (2/15)

Altars:


Innate Abilities, Weirdness & Mutations

You reflexively headbutt those who attack you in melee.
You have a pair of horns on your head.


Message History

The worm is heavily wounded.
The worm bites you.
You hit the worm.
The worm is heavily wounded.
Your shield and scale mail prevent you from hitting the worm.
The worm is heavily wounded.
The worm bites you but does no damage.
A jackal comes into view.
You barely miss the worm.
The worm is heavily wounded.
The jackal barks!
The worm bites you!
* * * LOW HITPOINT WARNING * * *
You are too injured to fight recklessly!
You are too injured to fight recklessly!
You are too injured to fight recklessly!
You hit the worm but do no damage.
The worm is heavily wounded.
The worm bites you!
You die...

#.......#####.....##
#...................
#...<............#
###.....#......)#...#
....###.#......##...#
.........#..........###.
...........<............
####...........(........
#.....#######@...h...
#.....# #...w?......
####.## #.........#. #.#
..[.....##...
#....##......# ### ....
......## ..# ##%....#
#.....#


You could see a worm and a jackal.

Vanquished Creatures
  A dart slug (D:1)
  2 leopard geckos (D:1)
  3 goblins
  2 hobgoblins (D:1)
  5 kobolds (D:1)
  3 bats
  2 frilled lizards (D:1)
  3 rats (D:1)
21 creatures vanquished.

Notes
Turn   | Place    | Note
-------+----------+-------------------------------------------
     0 | D:1      | Hebeh the Minotaur Fighter began the quest for the Orb.
     0 | D:1      | Reached XP level 1. HP: 19/19 MP: 0/0
   249 | D:1      | Reached XP level 2. HP: 25/27 MP: 1/1
   685 | D:2      | Reached skill level 4 in Shields
   704 | D:2      | Slain by a worm

Vault maps used:
D:1:      lightli_arrival_quake

Skill      XL: |  1  2 |
---------------+-------+-----
Axes           | 3 |  3.1
Shields        | 4 |  4.0
Fighting       | |  3.9
Slings         | |  0.4
Armour         | |  3.8

Action                   || total
-------------------------++-------
Melee: War axe           ||    42
       Headbutt          ||     9
Armor: Scale mail        ||    14
Dodge: Dodged            ||    11
Block: Shield            ||    18

Table legend:
 A = Spawn XP
 B = Non-spawn XP
 C = Spawn XP percentage of total XP
 D = Spawn monster count
 E = Non-spawn monster count
 F = Spawn count percentage of total count
 G = Total turns spent on level
                    A         B        C        D         E        F      G
               +---------+---------+-------+---------+---------+-------+---------
         Total |       0 |      36 |   0.0 |       0 |      21 |   0.0 |   704
               +---------+---------+-------+---------+---------+-------+---------
           D:1 |       0 |      32 |   0.0 |       0 |      19 |   0.0 |   638
           D:2 |       0 |       4 |   0.0 |       0 |       2 |   0.0 |    66
               +---------+---------+-------+---------+---------+-------+---------
